[Event "Team 45 45 League T51"]
[Site "Internet Chess Club"]
[Date "2011.11.21"]
[Round "2"]
[White "UsuallySleepy"]
[Black "Tobiasdelmonte"]
[Result "1-0"]
[WhiteElo "1938"]
[BlackElo "1883"]
[Opening "Alekhine's defense: modern, Larsen variation"]
[ECO "B04"]
[Time "21:30:32"]
[TimeControl "2700+45"]

1. e4 Nf6 2. e5 Nd5 3. d4 d6 4. Nf3 dxe5 5. Nxe5 c6 6. Be2 Bf5 7. O-O Nd7 8. Nf3
e6 9. c4 N5f6 10. Nc3 Qc7 11. Nh4 Bg6 12. g3 Bd6 13. Bf3 O-O 14. Nxg6 hxg6 15.
c5 Be7 16. Re1 Rfe8 17. b4 a6 18. Bf4 Qd8 19. a4 Nd5 20. Nxd5 exd5 21. Ra2 g5
22. Bc1 Bf6 23. Rae2 Rxe2 24. Rxe2 b6 25. b5 axb5 26. axb5 Qc7 27. bxc6 Qxc6 28.
Qb3 bxc5 29. Bxd5 c4 30. Bxc6 cxb3 31. Bxa8 Nb6 32. Be4 Nc4 33. Bd5 {Black
resigns} 1-0

[Event "Team 45 45 League T51"]
[Site "Internet Chess Club"]
[Date "2011.11.21"]
[Round "2"]
[White "JustinL"]
[Black "viking99"]
[Result "0-1"]
[WhiteElo "1743"]
[BlackElo "1844"]
[Opening "Grünfeld: modern exchange variation"]
[ECO "D85"]
[Time "19:06:25"]
[TimeControl "2700+45"]

1. d4 Nf6 2. c4 g6 3. Nc3 d5 4. cxd5 Nxd5 5. e4 Nxc3 6. bxc3 Bg7 7. Nf3 c5 8.
Ba3 cxd4 9. Nxd4 O-O 10. Bc4 Bxd4 11. Qxd4 Nc6 12. Qe3 Qc7 13. Rd1 Ne5 14. Bb3
Nc4 15. Bxc4 Qxc4 16. Qd3 Qxa2 17. Bxe7 Re8 18. Bf6 Qe6 19. Bg5 Qxe4+ 20. Qxe4
Rxe4+ 21. Kf1 Be6 22. f3 Bc4+ 23. Kf2 Re2+ 24. Kg3 Kg7 25. Rd4 b5 26. Rd6 Be6
27. Rb1 h6 28. Bf4 g5 29. Bc1 Bc4 30. f4 f6 31. Ra1 a5 32. Rd7+ Kg6 33. fxg5
hxg5 34. Kf3 Ra6 35. Be3 a4 36. Bc5 Rc6 37. Bb4 Rce6 38. Bc5 R6e5 39. Bd4 Rf5+
40. Kg4 Rxg2+ 41. Kh3 Re2 42. Rg1 Be6 43. Rg7+ Kxg7 44. Rg3 Rf4+ 45. Rg4 Bxg4+
46. Kg3 Kg6 47. h4 f5 48. hxg5 Rf3+ 49. Kh4 Rh3# {White checkmated} 0-1

[Event "Team 45 45 League T51"]
[Site "Internet Chess Club"]
[Date "2011.11.20"]
[Round "2"]
[White "Catalog"]
[Black "playwaycool"]
[Result "0-1"]
[WhiteElo "2108"]
[BlackElo "2130"]
[Opening "Ruy Lopez: closed, Keres (...Nd7) defense"]
[ECO "C96"]
[Time "20:05:13"]
[TimeControl "2700+45"]

1. e4 e5 2. Nf3 Nc6 3. Bb5 a6 4. Ba4 Nf6 5. O-O Be7 6. Re1 b5 7. Bb3 d6 8. h3
O-O 9. c3 Na5 10. Bc2 c5 11. d4 Nd7 12. Nbd2 exd4 13. cxd4 Nc6 14. Nf1 Nxd4 15.
Nxd4 cxd4 16. Ng3 Ne5 17. Qxd4 Bxh3 18. f4 Nc6 19. Qd1 Bd7 20. Be3 Rc8 21. Kf2
Nb4 22. Bb1 Qc7 23. e5 Nc2 24. exd6 Bxd6 25. Bd4 Nxd4 26. Bxh7+ Kxh7 27. Qh5+
Kg8 28. Rh1 Qc2+ 29. Kg1 Nf3+ 30. Qxf3 Bc5+ 31. Kf1 Bg4 {White resigns} 0-1

[Event "Team 45 45 League T51"]
[Site "Internet Chess Club"]
[Date "2011.11.21"]
[Round "2"]
[White "ferrari9182"]
[Black "OpeningsMaster"]
[Result "1-0"]
[WhiteElo "1937"]
[BlackElo "1789"]
[Opening "Sicilian: closed"]
[ECO "B25"]
[Time "20:51:48"]
[TimeControl "2700+45"]

1. e4 c5 2. Nc3 g6 3. g3 Bg7 4. Bg2 Nc6 5. d3 d6 6. Nge2 Nh6 7. O-O O-O 8. h3 f5
9. Be3 e6 10. Qd2 Nf7 11. Rad1 Nd4 12. f4 Rb8 13. Nc1 b5 14. Rde1 b4 15. Nd1 a5
16. c3 Nb5 17. e5 Bb7 18. Bxb7 Rxb7 19. exd6 Qxd6 20. Nb3 Rfb8 21. Bxc5 Qc6 22.
d4 bxc3 23. bxc3 Ra8 24. c4 Nbd6 25. Nxa5 Rxa5 26. Qxa5 Qc8 27. Qa6 Ne4 28. Nf2
Nxg3 29. Qxe6 Rb8 30. Qxc8+ Rxc8 31. Nd3 Nxf1 32. Kxf1 g5 33. a4 g4 34. a5 gxh3
35. a6 Bf8 36. a7 Bxc5 37. Nxc5 Nd6 38. Rb1 Rb8 39. axb8=Q+ Nc8 40. Qxc8+ Kg7
41. Qd7+ Kg6 42. Rb6+ Kh5 43. Qg7 h6 44. Rxh6# {Black checkmated} 1-0

[Event "Team 45 45 League T51"]
[Site "Internet Chess Club"]
[Date "2011.11.21"]
[Round "2"]
[White "Philly-Boy"]
[Black "McKnights"]
[Result "1-0"]
[WhiteElo "1918"]
[BlackElo "1884"]
[Opening "QGD Slav accepted: Alapin variation"]
[ECO "D16"]
[Time "18:01:58"]
[TimeControl "2700+45"]

1. d4 d5 2. c4 Nf6 3. Nc3 c6 4. Nf3 dxc4 5. a4 Nd5 6. e4 Nxc3 7. bxc3 b5 8. axb5
cxb5 9. Be2 e6 10. O-O Be7 11. Bf4 Nd7 12. d5 exd5 13. Qxd5 Nb6 14. Qxb5+ Bd7
15. Qh5 O-O 16. Rad1 Qc8 17. Nd4 Bf6 18. e5 g6 19. Qf3 Bg7 20. Qe4 Re8 21. Bf3
Bg4 22. Rfe1 Bxf3 23. Qxf3 Na4 24. Nb5 Bf8 25. Nd6 Bxd6 26. exd6 Qd7 27. Re7
Rxe7 28. dxe7 Qxe7 29. Qxa8+ Kg7 30. Bd6 Qe6 31. Qf8+ Kf6 32. Qh8+ Kf5 33. g4+
Kxg4 34. Qd4+ Kh3 35. Qf4 Qg4+ 36. Qxg4+ Kxg4 37. Rd4+ Kf3 38. Rxc4 Nb2 39. Rf4+
Ke2 40. Rxf7 Nc4 41. Bc5 Nd2 42. Bxa7 Nf3+ 43. Kg2 Ne1+ 44. Kg3 h5 45. Re7+ Kd2
46. Rxe1 Kxe1 47. c4 g5 48. c5 Ke2 49. c6 Kf1 50. c7 h4+ 51. Kg4 Kg2 52. Kxg5 h3
53. c8=Q Kxh2 54. Qxh3+ Kxh3 55. f4 Kg2 56. f5 Kh3 57. f6 Kg2 58. f7 {Black
resigns} 1-0

[Event "Team 45 45 League T51"]
[Site "Internet Chess Club"]
[Date "2011.11.20"]
[Round "2"]
[White "AntMantis"]
[Black "amnesia"]
[Result "1-0"]
[WhiteElo "2055"]
[BlackElo "1898"]
[Opening "QGD Slav: 4.Nc3"]
[ECO "D15"]
[Time "12:09:32"]
[TimeControl "2700+45"]

1. d4 d5 2. c4 c6 3. Nc3 Nf6 4. Nf3 Bf5 5. e3 e6 6. Be2 Nbd7 7. Nh4 Be4 8. f3
Bg6 9. Nxg6 hxg6 10. e4 dxe4 11. fxe4 Bb4 12. Bf3 Bxc3+ 13. bxc3 Nxe4 14. O-O
Qh4 15. Bxe4 Qxe4 16. Rf4 {Black resigns} 1-0

[Event "Team 45 45 League T51"]
[Site "Internet Chess Club"]
[Date "2011.11.19"]
[Round "2"]
[White "vaknight"]
[Black "Packerfan"]
[Result "1-0"]
[WhiteElo "1784"]
[BlackElo "1790"]
[Opening "Bird: From gambit, Lasker variation"]
[ECO "A02"]
[Time "10:03:57"]
[TimeControl "2700+45"]

1. f4 e5 2. fxe5 d6 3. exd6 Bxd6 4. Nf3 g5 5. g3 g4 6. Nh4 Ne7 7. d4 Ng6 8. Ng2
h5 9. e4 c6 10. c3 h4 11. e5 Bc7 12. Qd3 Nd7 13. Nf4 Nxf4 14. Bxf4 h3 15. Nd2
Nf8 16. Ne4 Nh7 17. O-O-O Qd5 18. b3 Be6 19. Be2 O-O-O 20. Nc5 b5 21. Rhg1 Bb6
22. Nxe6 Qxe6 23. Qe3 f6 24. exf6 Qxe3+ 25. Bxe3 Nxf6 26. Bg5 Rde8 27. Bxf6 Rxe2
28. Bxh8 Rxh2 29. Rd2 Rxd2 30. Kxd2 Bc7 31. Be5 Bxe5 32. dxe5 Kd7 33. Ke3 Ke6
34. Ke4 a5 35. a3 c5 36. Rf1 b4 37. axb4 c4 38. bxc4 a4 39. b5 a3 40. c5 a2 41.
c6 h2 42. b6 {Black resigns} 1-0

[Event "Team 45 45 League T51"]
[Site "Internet Chess Club"]
[Date "2011.11.18"]
[Round "2"]
[White "IshanR"]
[Black "CheeryCherry"]
[Result "1-0"]
[WhiteElo "1823"]
[BlackElo "1381"]
[Opening "Vienna gambit"]
[ECO "C29"]
[Time "20:06:18"]
[TimeControl "2700+45"]

1. e4 e5 2. Nc3 Nf6 3. f4 Bc5 4. fxe5 Nxe4 5. Nxe4 Qh4+ 6. Ng3 Bxg1 7. Rxg1 Nc6
8. Qh5 Qd4 9. Ne2 Qc5 10. c3 Nxe5 11. Kd1 Qe7 12. d4 Ng6 13. Bg5 Qd6 14. Ng3 O-O
15. Bd3 Qb6 16. Kc2 d6 17. Rge1 Be6 18. Nf5 Bxf5 19. Bxf5 Qa5 20. Be7 Rfe8 21.
Bxg6 Qa4+ 22. b3 hxg6 23. Qh8+ Kxh8 24. bxa4 f6 25. Re6 Kg8 26. Rae1 Kf7 27. d5
g5 28. Kd3 a5 29. Kd4 f5 30. Bxg5 {Black resigns} 1-0

[Event "Team 45 45 League T51"]
[Site "Internet Chess Club"]
[Date "2011.11.22"]
[Round "2"]
[White "rayonline53"]
[Black "PJ"]
[Result "0-1"]
[WhiteElo "1496"]
[BlackElo "1751"]
[Opening "Two knights defense"]
[ECO "C58"]
[Time "14:01:42"]
[TimeControl "2700+45"]

1. e4 e5 2. Nf3 Nc6 3. Bc4 Nf6 4. Ng5 d5 5. exd5 Na5 6. Bb5+ c6 7. dxc6 bxc6 8.
Ba4 h6 9. Nh3 Bg4 10. f3 Bxh3 11. gxh3 Qd4 12. c3 Qh4+ 13. Kf1 Qxh3+ 14. Kf2
Qh4+ 15. Kf1 Rc8 16. d4 Bd6 17. Be3 Nc4 18. Bf2 Qh3+ 19. Ke2 Nh5 20. Bg3 Nf4+
21. Ke1 Qg2 {White resigns} 0-1

[Event "Team 45 45 League T51"]
[Site "Internet Chess Club"]
[Date "2011.11.20"]
[Round "2"]
[White "flyingpawns"]
[Black "nursey"]
[Result "1-0"]
[WhiteElo "1740"]
[BlackElo "1524"]
[Opening "Queen's gambit declined"]
[ECO "D30"]
[Time "16:02:18"]
[TimeControl "2700+45"]

1. d4 d5 2. c4 e6 3. Nf3 Nf6 4. a3 dxc4 5. Nc3 c5 6. e3 cxd4 7. Nxd4 e5 8. Nf3
Qxd1+ 9. Nxd1 e4 10. Nd2 b5 11. Nc3 Bd7 12. Ncxe4 Nxe4 13. Nxe4 Bf5 14. Nc3 a6
15. a4 Nc6 16. axb5 Nb4 17. Ke2 Bc5 18. f3 O-O 19. Kf2 axb5 20. Rxa8 Rxa8 21.
Nxb5 Nd3+ 22. Bxd3 cxd3 23. Nd4 Bg6 24. Rd1 Rd8 25. Nb3 Bd6 26. g3 h6 27. Bd2
Rb8 28. Nc1 Rxb2 29. e4 Rb1 30. Ke3 Bh5 31. Rf1 Bg6 32. Kxd3 Kf8 33. Kc2 Ra1 34.
Bc3 Ra3 35. Nd3 Ra2+ 36. Nb2 f6 37. Rd1 Ke7 38. Kb1 Bf7 39. f4 Bb3 40. Re1 Ke6
41. e5 fxe5 42. Bxe5 Bxe5 43. Rxe5+ Kd6 44. Rb5 Be6 45. Rb6+ Kd7 46. Rb7+ Kd6
47. Rxg7 Ra5 48. Rg6 Rh5 49. g4 Rxh2 50. f5 Rh1+ 51. Kc2 Rh2+ 52. Kc3 Re2 53.
Rxh6 Re4 54. Rxe6+ Rxe6 55. fxe6 Kxe6 56. Nd3 Kf6 57. Kd4 Kg5 58. Nf2 Kf4 59.
Kd5 Kg5 60. Ke5 {Black resigns} 1-0

[Event "Team 45 45 League T51"]
[Site "Internet Chess Club"]
[Date "2011.11.20"]
[Round "2"]
[White "Gregorio"]
[Black "carokantor"]
[Result "0-1"]
[WhiteElo "1844"]
[BlackElo "2025"]
[Opening "English, 1...Nf6 (Anglo-Indian defense)"]
[ECO "A15"]
[Time "13:14:17"]
[TimeControl "2700+45"]

1. c4 Nf6 2. g3 c6 3. Bg2 d5 4. Nf3 e6 5. O-O Nbd7 6. Qc2 Be7 7. d3 e5 8. Nh4
O-O 9. Nf5 Re8 10. Nxe7+ Qxe7 11. cxd5 cxd5 12. b3 b6 13. Ba3 Qe6 14. Nc3 Bb7
15. Rac1 Rac8 16. Qd2 Nc5 17. b4 Na6 18. Nb5 Qd7 19. Nc3 d4 20. Ne4 Nxe4 21.
dxe4 Qa4 22. Qb2 Nc7 23. b5 Nxb5 24. Bb4 Rxc1 25. Rxc1 Rc8 26. a3 Rxc1+ 27. Qxc1
a5 28. Be7 Nc3 29. Bf3 Bxe4 30. Qg5 Qd1+ 31. Kg2 Qxe2 {White resigns} 0-1

[Event "Team 45 45 League T51"]
[Site "Internet Chess Club"]
[Date "2011.11.18"]
[Round "2"]
[White "HumanTornado"]
[Black "MeanMrMustard"]
[Result "1/2-1/2"]
[WhiteElo "1974"]
[BlackElo "1812"]
[Opening "English: New York (London) defensive system"]
[ECO "A12"]
[Time "22:00:49"]
[TimeControl "2700+45"]

1. Nf3 d5 2. c4 c6 3. b3 Bf5 4. Bb2 Nf6 5. d3 Nbd7 6. g3 e6 7. Nh4 Bg4 8. h3 Bh5
9. Bg2 Bd6 10. O-O g5 11. Nf3 g4 12. hxg4 Bxg4 13. cxd5 cxd5 14. Nc3 Qb6 15. Na4
Qd8 16. Rc1 Rc8 17. Qd2 b5 18. Nc3 Qb6 19. e3 Qb8 20. Ne2 Rxc1 21. Rxc1 e5 22.
Nh4 b4 23. Rc2 Ke7 24. e4 dxe4 25. dxe4 Rc8 26. f3 Rxc2 27. Qxc2 Qb6+ 28. Kh2
Be6 29. Nc1 Qe3 30. Qe2 Qxe2 31. Nxe2 Nc5 32. Nc1 a5 33. Bh3 a4 34. Nf5+ Bxf5
35. Bxf5 a3 36. Ba1 h6 37. Kg2 Nh5 38. Bg4 Ng7 39. Kf1 Nge6 40. Ke2 Nd4+ 41.
Bxd4 exd4 42. Nd3 Nxb3 43. e5 Bb8 44. Nxb4 Na5 45. f4 Ba7 46. Kd3 Bc5 47. Nc2 f6
48. exf6+ Kxf6 49. Nxd4 Bxd4 50. Kxd4 Nb3+ 51. Kc3 Nc1 52. Kb4 Nxa2+ 53. Kxa3
Nc3 54. Bf3 Nb5+ 55. Kb4 Nd4 56. Bg4 Nc2+ 57. Kc5 Ne3 58. Bh3 Nf5 59. Bxf5 Kxf5
60. Kd5 h5 61. Kd4 h4 62. gxh4 Kxf4 63. h5 {Game drawn by mutual agreement}
1/2-1/2

[Event "Team 45 45 League T51"]
[Site "Internet Chess Club"]
[Date "2011.11.20"]
[Round "2"]
[White "beitmery"]
[Black "Constrictor"]
[Result "0-1"]
[WhiteElo "1601"]
[BlackElo "1682"]
[Opening "Budapest defense declined"]
[ECO "A51"]
[Time "16:08:34"]
[TimeControl "2700+45"]

1. d4 Nf6 2. c4 e5 3. d5 Bc5 4. e3 d6 5. Nf3 Bg4 6. Be2 O-O 7. O-O c6 8. Nc3 a6
9. Nd2 Bxe2 10. Qxe2 cxd5 11. cxd5 Nbd7 12. Nde4 Bb4 13. a3 Qa5 14. Bd2 Bxc3 15.
Bxc3 Qxd5 16. Nxf6+ Nxf6 17. Rfd1 Qe6 18. e4 Rfe8 19. Rd2 d5 20. exd5 Nxd5 21.
Rad1 Nxc3 22. bxc3 Rac8 23. Rd7 Qb3 24. Qf3 e4 25. Qe3 Qxc3 26. Qb6 Qc6 27. Rxb7
Qxb6 28. Rxb6 Ra8 29. Rd7 Rab8 30. Rxb8 Rxb8 31. Kf1 Ra8 32. Ke2 f5 33. Rd5 Rf8
34. Ra5 Rf6 35. f3 exf3+ 36. Kxf3 Kf7 37. Kf4 g6 38. Re5 h6 39. h4 Re6 40. Ra5
Kf6 41. Rc5 g5+ 42. hxg5+ hxg5+ 43. Kf3 Rb6 44. Rc3 Rd6 45. g3 a5 46. Kf2 Ke5
47. Re3+ Kd4 48. Ke2 f4 49. Rd3+ Ke5 50. gxf4+ gxf4 51. Rb3 Ke4 52. Rb5 Rd5 53.
Rb3 Rh5 54. Kf2 Rh2+ 55. Ke1 Ra2 56. Kf1 f3 57. Rc3 Kf4 58. Rc8 Rxa3 59. Rf8+
Ke3 60. Re8+ Kd2 61. Rd8+ Kc2 62. Kf2 a4 63. Rc8+ Kb2 64. Rb8+ Rb3 65. Rd8 Rc3
66. Rd2+ Rc2 {White resigns} 0-1

[Event "Team 45 45 League T51"]
[Site "Internet Chess Club"]
[Date "2011.11.18"]
[Round "2"]
[White "BrianWood"]
[Black "Patzer4Life"]
[Result "1-0"]
[WhiteElo "1454"]
[BlackElo "1201"]
[Opening "Dutch defense"]
[ECO "A81"]
[Time "13:00:10"]
[TimeControl "2700+45"]

1. d4 f5 2. g3 Nf6 3. Bg2 c6 4. c4 e6 5. Nc3 Be7 6. e4 fxe4 7. Nxe4 Nxe4 8. Bxe4
d5 9. cxd5 cxd5 10. Bg2 Bd7 11. Nf3 O-O 12. O-O Nc6 13. Ne5 Qc7 14. Nxc6 Qxc6
15. Bf4 Qb6 16. Qd2 Bb5 17. Rfe1 Bd7 18. a3 Bf6 19. Be5 Rac8 20. Bxf6 Rxf6 21.
Rac1 Rff8 22. Rxc8 Rxc8 23. b4 Rc4 24. Qf4 Rxd4 25. Qb8+ Kf7 26. Qe5 Rc4 27.
Bxd5 exd5 28. Qe7+ Kg6 29. Qxd7 Rc6 30. g4 Rf6 31. Qe8+ Kh6 32. Qh5# {Black
checkmated} 1-0

[Event "Team 45 45 League T51"]
[Site "Internet Chess Club"]
[Date "2011.11.21"]
[Round "2"]
[White "obaut"]
[Black "oldsj"]
[Result "1-0"]
[WhiteElo "1386"]
[BlackElo "1454"]
[Opening "Sicilian: Scheveningen (Paulsen), classical variation"]
[ECO "B84"]
[Time "17:08:25"]
[TimeControl "2700+45"]

1. e4 c5 2. Nf3 d6 3. Nc3 Nf6 4. d4 cxd4 5. Nxd4 a6 6. Be2 e6 7. O-O Be7 8. Bg5
Nc6 9. Re1 Qc7 10. Bc4 O-O 11. Nxc6 bxc6 12. Qe2 e5 13. h3 Bb7 14. Bxf6 Bxf6 15.
Rad1 a5 16. b3 Rfd8 17. Rd2 Bg5 18. Rd3 Be7 19. Qh5 Bf8 20. Ree3 g6 21. Qf3 Rd7
22. Qg4 Bh6 23. Rf3 Rf8 24. h4 Bc8 25. h5 Re7 26. Qg3 Bf4 27. Qh4 g5 28. Qh1 g4
29. Rxf4 exf4 30. Ne2 g3 31. fxg3 fxg3 32. Rxg3+ Kh8 33. Qh4 f6 34. Nf4 Rg7 35.
Rxg7 Qxg7 36. Ng6+ Qxg6 37. hxg6 {Black resigns} 1-0

[Event "Team 45 45 League T51"]
[Site "Internet Chess Club"]
[Date "2011.11.22"]
[Round "2"]
[White "stan-beers"]
[Black "rcddonovan"]
[Result "1-0"]
[WhiteElo "1484"]
[BlackElo "1378"]
[Opening "King's Indian defense, 3.Nc3"]
[ECO "E61"]
[Time "13:00:20"]
[TimeControl "2700+45"]

1. d4 Nf6 2. c4 g6 3. Nc3 e6 4. Nf3 Bg7 5. e4 d6 6. Bg5 h6 7. Bf4 Nh5 8. Be3 Nd7
9. Be2 O-O 10. O-O f5 11. exf5 exf5 12. Rc1 c6 13. d5 c5 14. Rc2 f4 15. Bc1 Qe7
16. Bd3 Qf6 17. Ne4 Qe7 18. Re2 Ne5 19. Ned2 Nxd3 20. Rxe7 {Black resigns} 1-0

[Event "Team 45 45 League T51"]
[Site "Internet Chess Club"]
[Date "2011.11.18"]
[Round "2"]
[White "kingsrook"]
[Black "wekabird"]
[Result "1-0"]
[WhiteElo "1313"]
[BlackElo "982"]
[Opening "Queen's pawn game"]
[ECO "D02"]
[Time "19:00:33"]
[TimeControl "2700+45"]

1. d4 d5 2. Nf3 e6 3. e3 c6 4. Bd3 Nf6 5. Nbd2 Be7 6. O-O O-O 7. c3 Nbd7 8. Re1
c5 9. e4 c4 10. Bc2 b5 11. a3 Qc7 12. Qe2 Bb7 13. e5 Ne8 14. Nf1 a5 15. Bg5 Bxg5
16. Nxg5 h6 17. Qh5 f6 18. Nxe6 Qc8 19. Nxf8 Nxf8 20. Bf5 Qc7 21. e6 Qe7 22. Re3
Nd6 23. Bh3 Bc8 24. Rae1 Bb7 25. Ng3 Kh7 26. Nf5 Nxf5 27. Qxf5+ g6 28. Qf3 Bc8
29. Qxd5 Bb7 30. Qxb5 f5 31. Qxc4 f4 32. Re5 g5 33. Bf5+ Kg7 34. Qc5 Kf6 35.
Qxe7+ Kxe7 36. d5 Rd8 37. c4 Rc8 38. Rc1 a4 39. c5 Kf6 40. Rce1 Rxc5 41. e7 Rxd5
42. exf8=Q# {Black checkmated} 1-0

[Event "Team 45 45 League T51"]
[Site "Internet Chess Club"]
[Date "2011.11.21"]
[Round "2"]
[White "rook9999"]
[Black "chess-fan"]
[Result "1-0"]
[WhiteElo "1885"]
[BlackElo "1626"]
[Opening "Sicilian defense"]
[ECO "B34"]
[Time "18:15:19"]
[TimeControl "2700+45"]

1. e4 c5 2. Nf3 Nc6 3. d4 cxd4 4. Nxd4 g6 5. Be3 Bg7 6. Qd2 a6 7. f3 d5 8. exd5
Qxd5 9. Nc3 Qd8 10. O-O-O Bd7 11. Nb3 Nf6 12. g4 O-O 13. Qf2 Rc8 14. g5 Nh5 15.
Nc5 Ne5 16. f4 Ng4 17. Qg1 Rxc5 18. Bxc5 Re8 19. h3 Qc7 20. hxg4 Nxf4 21. Bd4 e5
22. Be3 Rc8 23. Qh2 Bxg4 24. Rd2 Nh5 25. Nd5 Qa5 26. Ne7+ Kf8 27. Nxc8 Bxc8 28.
Bc4 e4 29. Qd6+ Ke8 30. Bb6 Qxg5 31. Qd8+ Qxd8 32. Rxd8+ Ke7 33. Rxc8 f5 34.
Rc7+ Kd6 35. Rxh5 gxh5 36. Rxg7 f4 37. Rxh7 h4 38. Rxh4 Ke5 39. Bc7+ Kd4 40.
Rxf4 Kxc4 41. Rxe4+ {Black resigns} 1-0

[Event "Team 45 45 League T51"]
[Site "Internet Chess Club"]
[Date "2011.11.19"]
[Round "2"]
[White "hi12980"]
[Black "ausya"]
[Result "0-1"]
[WhiteElo "1504"]
[BlackElo "1504"]
[Opening "Sicilian: dragon, classical, Richter variation"]
[ECO "B73"]
[Time "18:00:10"]
[TimeControl "2700+45"]

1. e4 c5 2. Nf3 g6 3. d4 cxd4 4. Nxd4 Nc6 5. Nc3 Bg7 6. Be3 Nf6 7. Be2 O-O 8.
O-O d6 9. Qd2 Bd7 10. f4 Qa5 11. h3 Nxd4 12. Qxd4 Ng4 13. Qd3 Nxe3 14. Qxe3 Rfc8
15. Nd5 Rxc2 16. Nxe7+ Kf8 17. Nd5 Bxb2 18. Rab1 Qxa2 19. Bd3 Bd4 20. Qxd4 Rxg2+
21. Kh1 Rh2+ 22. Kg1 Qg2# {White checkmated} 0-1

[Event "Team 45 45 League T51"]
[Site "Internet Chess Club"]
[Date "2011.11.21"]
[Round "2"]
[White "cazj"]
[Black "kingsleywang"]
[Result "1-0"]
[WhiteElo "1346"]
[BlackElo "1389"]
[Opening "Grünfeld: exchange variation"]
[ECO "D85"]
[Time "21:03:51"]
[TimeControl "2700+45"]

1. d4 Nf6 2. c4 g6 3. Nc3 d5 4. cxd5 Nxd5 5. Nxd5 Qxd5 6. Nf3 Bg7 7. e3 O-O 8.
b3 Nc6 9. Ba3 Bf5 10. Qd2 Rad8 11. Bc4 Qd7 12. O-O Rfe8 13. Ng5 Rf8 14. Rad1 h6
15. Nf3 Rfe8 16. Rfe1 e5 17. d5 Ne7 18. e4 Bg4 19. Be2 Bxf3 20. Bxf3 c6 21. d6
Nc8 22. h3 h5 23. g4 Nb6 24. Kg2 hxg4 25. Bxg4 f5 26. exf5 gxf5 27. Bh5 Re6 28.
Qg5 f4 29. Bg4 Rde8 30. Bxe6+ Rxe6 31. Bb2 Qe8 32. Kf3 Rg6 33. Qxf4 Rf6 34. Bxe5
Rxf4+ 35. Bxf4 Qh5+ 36. Kg2 Qg6+ 37. Bg3 Qf5 38. Re8+ Bf8 39. Rb8 Qd7 40. Rd4
Nc8 41. Rxc8 Qxc8 42. d7 Qd8 43. Bh4 Qa5 44. d8=Q Qxa2 45. Rg4+ Kf7 46. Qf6+ Ke8
47. Qd8+ Kf7 48. Rf4+ Kg8 49. Qg5+ Bg7 50. Qd8+ Kh7 51. Bf6 Bxf6 52. Rxf6 Qxb3
53. Qe7+ Kh8 54. Rf8+ Qg8+ 55. Rxg8+ Kxg8 56. Qxb7 Kf8 57. Qxa7 Ke8 58. Qc7 Kf8
59. h4 Kg8 60. h5 Kh8 61. h6 Kg8 62. Qg7# {Black checkmated} 1-0

[Event "Team 45 45 League T51"]
[Site "Internet Chess Club"]
[Date "2011.11.24"]
[Round "2"]
[White "XGG123"]
[Black "baseball613"]
[Result "1-0"]
[WhiteElo "1235"]
[BlackElo "1275"]
[Opening "Caro-Kann: Steinitz variation"]
[ECO "B17"]
[Time "11:03:40"]
[TimeControl "2700+45"]

1. e4 c6 2. d4 d5 3. Nc3 dxe4 4. Nxe4 Nd7 5. Bc4 e6 6. Bg5 Ngf6 7. Nf3 Be7 8.
O-O O-O 9. Nxf6+ Nxf6 10. Bxf6 Bxf6 11. Ne5 Qb6 12. c3 Qxb2 13. Rc1 Rd8 14. Qh5
Bxe5 15. dxe5 Rd2 16. Rfd1 g6 17. Qh6 Rxd1+ 18. Rxd1 Qb6 19. Qg5 Qc7 20. Rd8+
Kg7 21. Qf6+ Kh6 22. Rh8 b5 23. g4 bxc4 24. g5+ Kh5 25. Rxh7+ Kg4 26. f3# {Black
checkmated} 1-0

[Event "Team 45 45 League T51"]
[Site "Internet Chess Club"]
[Date "2011.11.20"]
[Round "2"]
[White "mitus"]
[Black "quotha"]
[Result "1-0"]
[WhiteElo "1823"]
[BlackElo "1738"]
[Opening "Philidor: exchange variation"]
[ECO "C41"]
[Time "15:03:21"]
[TimeControl "2700+45"]

1. e4 e5 2. Nf3 d6 3. d4 exd4 4. Qxd4 Nc6 5. Bb5 Bd7 6. Bxc6 Bxc6 7. Nc3 Nf6 8.
Bg5 Be7 9. O-O-O O-O 10. Kb1 Ng4 11. Bxe7 Qxe7 12. Nd5 Bxd5 13. exd5 Nf6 14. g4
Qe4 15. Qc3 Nxd5 16. Qb3 Nb6 17. Rde1 Qxg4 18. Rhg1 Qc4 19. Qe3 Qe6 20. Rxg7+
Kxg7 21. Qd4+ Kg8 22. Rxe6 fxe6 23. Qg4+ Kh8 24. Ng5 Rae8 25. Nxe6 Rf7 26. b3 c5
27. c4 Rg8 28. Qh4 Nd7 29. Nd8 Rf6 30. Nxb7 Rg1+ 31. Kb2 Rgg6 32. Ka3 Ne5 33.
Qe4 Rxf2 34. Nxd6 Nf7 35. Nxf7+ Rxf7 36. Qe5+ Rff6 37. Ka4 Kg8 38. Qb8+ Kg7 39.
Qxa7+ Rf7 40. Qxc5 Ra6+ 41. Kb4 Rb7+ 42. Kc3 Rxa2 43. Qe5+ Kg8 44. Qd5+ Rf7 45.
h4 Ra7 46. c5 Rd7 47. Qc4 Kg7 48. Qg4+ Kf6 49. b4 Ke5 50. c6 Rd5 51. Qg3+ Ke4
52. Qe1+ {Black resigns} 1-0

[Event "Team 45 45 League T51"]
[Site "Internet Chess Club"]
[Date "2011.11.19"]
[Round "2"]
[White "Hapa-Haole"]
[Black "clarinetref"]
[Result "1-0"]
[WhiteElo "1629"]
[BlackElo "1626"]
[Opening "King's Indian: Smyslov system"]
[ECO "E61"]
[Time "20:06:26"]
[TimeControl "2700+45"]

1. d4 Nf6 2. Nf3 g6 3. c4 Bg7 4. Nc3 d6 5. Bg5 h6 6. Bd2 Bg4 7. e3 e5 8. dxe5
dxe5 9. Qa4+ Bd7 10. Qa3 Nc6 11. Be2 Bg4 12. Rd1 e4 13. Ng1 Bxe2 14. Ngxe2 Qe7
15. Qb3 Rb8 16. Nd5 Nxd5 17. cxd5 Ne5 18. O-O Nd3 19. Bc3 O-O 20. Nc1 Nc5 21.
Qa3 Bxc3 22. bxc3 b6 23. Nb3 Rfe8 24. Nd4 Ra8 25. Nc6 Qd6 26. c4 Nd3 27. Qxd6
cxd6 28. f3 f5 29. fxe4 fxe4 30. Rf6 Nb2 31. Rc1 Kg7 32. Rxd6 Nd3 33. Rd7+ Kf6
34. Rf1+ Kg5 35. d6 Nc5 36. Re7 Rec8 37. Re5+ {Black resigns} 1-0

[Event "Team 45 45 League T51"]
[Site "Internet Chess Club"]
[Date "2011.11.17"]
[Round "2"]
[White "tryanything"]
[Black "dschesq"]
[Result "1/2-1/2"]
[WhiteElo "1550"]
[BlackElo "1718"]
[Opening "Queen's pawn game"]
[ECO "E10"]
[Time "18:00:30"]
[TimeControl "2700+45"]

1. d4 Nf6 2. c4 e6 3. Nf3 c5 4. e3 a6 5. Be2 d5 6. O-O Nc6 7. Nc3 cxd4 8. Nxd4
Bd6 9. cxd5 Nxd4 10. exd4 exd5 11. Bf3 O-O 12. g3 Be6 13. Bg5 Be7 14. Re1 Qd7
15. Qb3 Ne4 16. Bxe7 Nd2 17. Qd1 Nxf3+ 18. Qxf3 Qxe7 19. Nxd5 Qg5 20. Nf4 Bg4
21. Qe3 Qb5 22. b3 Rfe8 23. Qd3 Qd7 24. d5 Rad8 25. f3 Bf5 26. Qd4 Qc8 27. d6
Qc6 28. Rad1 Rxe1+ 29. Rxe1 Rxd6 30. Qxd6 Qxd6 31. Re8+ Qf8 32. Rxf8+ Kxf8 33.
b4 Bd7 34. Kf2 Bc6 35. Ke3 Ke7 36. Nd3 b6 37. f4 f6 38. h4 h6 39. Kd4 Ke6 40. a3
Kf5 41. Ke3 Bb5 42. Nf2 h5 43. Kd4 Bc6 44. Ke3 a5 45. bxa5 bxa5 46. Nd3 Be4 47.
Nf2 Bc2 48. Kd4 g5 49. fxg5 fxg5 50. hxg5 Kxg5 51. Ke3 a4 52. Nh3+ Kf5 53. Nf4
Bd1 54. Nxh5 Bxh5 55. Kd3 Bf7 56. Kc3 Kg4 57. Kb2 Kxg3 58. Ka1 Kf3 59. Kb2 Ke2
60. Ka1 Kd2 61. Kb2 Bb3 62. Ka1 Kc3 63. Kb1 Bd1 64. Ka2 Kc2 65. Ka1 Kb3 66. Kb1
Kxa3 67. Ka1 Kb4 68. Ka2 Kc3 69. Ka3 Kd2 70. Ka2 Bc2 71. Ka3 Kc1 72. Ka2 Bb1+
73. Ka1 Kc2 {White stalemated} 1/2-1/2

[Event "Team 45 45 League T51"]
[Site "Internet Chess Club"]
[Date "2011.11.17"]
[Round "2"]
[White "nanning"]
[Black "PostMike"]
[Result "0-1"]
[WhiteElo "1489"]
[BlackElo "1414"]
[Opening "Réti opening"]
[ECO "A04"]
[Time "14:30:34"]
[TimeControl "2700+45"]

1. Nf3 e6 2. g3 d5 3. Bg2 c5 4. O-O Nc6 5. d3 Nf6 6. Nbd2 Be7 7. e4 O-O 8. b3 b5
9. a4 b4 10. Bb2 Qc7 11. Re1 Bb7 12. Rc1 Rac8 13. Kh1 Ng4 14. Kg1 d4 15. Nxd4
Nxf2 16. Kxf2 Nxd4 17. c3 Nc6 18. Qg4 Ne5 19. Qe2 Qd7 20. d4 bxc3 21. Bxc3 cxd4
22. Bb2 Rxc1 23. Rxc1 Rc8 24. Nc4 Nxc4 25. bxc4 e5 26. Qh5 Qd6 27. Qg4 Qb4 28.
Bf1 Qxb2+ {White resigns} 0-1